 Dungeon Crawl Stone Soup version 0.17.0-24-gcfadda4 (console) character file.

23 gw the Twirler (level 2, -4/17 HPs)
             Began as a Tengu Gladiator on Nov 15, 2015.
             Killed from afar by Sigmund (11 damage)
             ... with a wand of flame
             ... on level 2 of the Dungeon.
             The game lasted 00:00:35 (867 turns).

gw the Twirler (Tengu Gladiator)                     Turns: 867, Time: 00:00:35

Health: -4/17      AC:  5    Str: 15    XL:     2   Next: 95%
Magic:  3/3        EV: 12    Int:  8    God:
Gold:   80         SH:  0    Dex: 14    Spells: 0 memorised, 1 level left

rFire  . . .     SeeInvis .     a - +0 quarterstaff
rCold  . . .     Clarity  .     p - +0 ring mail
rNeg   . . .     SustAt   .     (shield currently unavailable)
rPois  .         Gourm    .     c - +0 hat
rElec  .         Spirit   .     (no cloak)
rCorr  .         Warding  .     (no gloves)
rMut   .         Stasis   .     (boots unavailable)
MR     .....                    (no amulet)
Stlth  +.........               (no ring)
                                (no ring)

@: about to teleport, not resistant to hostile enchantments, very unstealthy
A: beak, talons 3
a: no special abilities


You were on level 2 of the Dungeon.
You were not hungry.

You visited 1 branch of the dungeon, and saw 2 of its levels.

You collected 80 gold pieces.

Inventory:

Hand Weapons
 a - a +0 quarterstaff (weapon)
Missiles
 b - 24 stones (quivered)
 d - 3 throwing nets
Armour
 c - a +0 hat (worn)
 p - a +0 ring mail (worn)
Scrolls
 k - a scroll of teleportation
Comestibles
 e - a bread ration
 h - a slice of pizza
 j - a royal jelly
 m - a beef jerky


   Skills:
 + Level 2.2 Fighting
 * Level 4.0 Staves
 + Level 2.1 Throwing
 + Level 3.5 Dodging


You had one spell level left.
You didn't know any spells.

Dungeon Overview and Level Annotations

Branches:
Dungeon (2/15)

Altars:

Annotations:
D:2 Sigmund


Innate Abilities, Weirdness & Mutations

You have a beak for a mouth.
You have claws for feet.


Message History

ATTACK MOVE TO (-1,0) You're too confused to move!
Sigmund gestures at you while chanting. The magic dart hits you!
ATTACK MOVE TO (-1,0)
A ball python comes into view.
Sigmund barely misses you.
ATTACK MOVE TO (-1,1)
You bump into the rock wall.
You feel less confused.
Read which item? (? for menu, Esc to quit)
As you read the scroll of teleportation, it crumbles to dust.
You feel strangely unstable.
Sigmund zaps a wand.
The puff of flame misses you.
ATTACK MOVE TO (-1,1)
You closely miss Sigmund. Your kick misses Sigmund.
Sigmund points at you and mumbles some strange words.
You resist with significant effort.
Sigmund zaps a wand.
The puff of flame hits you!
Ouch! That really hurt!
You die...

#.##...## ##
#.###.## .. #.#
#.# #. #.# #.# #.
#.# #.# # #. #.#
#.##
...###.###.###<.#
#...........<.#.#
.......Q...##.#.#
...###@######.#.#
#S #.... #. #...#
#. ..... #.
##.... #. .....
#. #).###


You could see Sigmund and a ball python.

Table legend:
 A = Turns spent in this place as a percentage of turns spent in the entire game.
 B = Non-inter-level travel turns spent in this place as a percentage of non-inter-level travel turns spent in the entire game.
 C = Inter-level travel turns spent in this place as a percentage of turns spent in this place.
 D = Turns resting spent in this place as a percentage of non-inter-level travel turns spent in this place.
 E = Turns spent auto-exploring this place as a percentage of non-inter-level travel turns spent in this place.
 F = Non-inter-level travel turns spent in this place divided by the number of levels of this place that you've seen.
                   A       B       C       D       E      F
               +-------+-------+-------+-------+-------+----------------------
         Total | 100.0 | 100.0 |   0.1 |   0.3 |   3.4 | 585.5
       Dungeon | 100.0 | 100.0 |   0.1 |   0.3 |   3.4 | 585.5
               +-------+-------+-------+-------+-------+----------------------

Table legend:
 A = Kills in this place as a percentage of kills in entire the game.
 B = Kills by you in this place as a percentage of kills by you in the entire game.
 C = Kills by friends in this place as a percentage of kills by friends in the entire game.
 D = Other kills in this place as a percentage of other kills in the entire game.
 E = Experience gained in this place as a percentage of experience gained in the entire game.
 F = Experience gained in this place divided by the number of levels of this place that you have seen.
                   A       B       C       D       E      F
               +-------+-------+-------+-------+-------+----------------------
         Total | 100.0 | 100.0 |  -nan |  -nan | 100.0 |  16.5
       Dungeon | 100.0 | 100.0 |  -nan |  -nan | 100.0 |  16.5
               +-------+-------+-------+-------+-------+----------------------

Vanquished Creatures
  2 goblins (D:1)
  2 hobgoblins (D:1)
  3 jackals (D:1)
  4 kobolds
  4 bats (D:1)
  2 giant geckos (D:1)
  A giant newt (D:1)
18 creatures vanquished.

Notes
Turn   | Place    | Note
--------------------------------------------------------------
     0 | D:1      | gw the Tengu Gladiator began the quest for the Orb.
     0 | D:1      | Reached XP level 1. HP: 12/12 MP: 2/2
   211 | D:1      | Reached XP level 2. HP: 17/17 MP: 3/3
   805 | D:2      | Reached skill level 4 in Staves
   860 | D:2      | Noticed Sigmund
   867 | D:2      | Killed from afar by Sigmund

Action                   || total
-------------------------++-------
Melee: Quarterstaff      ||    33
Throw: Stone             ||     2
  Use: Scroll            ||     8
       Potion            ||     1

Vault maps used:
D:1:      dpeg_arrival_pits
D:2:      nicolae_overflow_hidden_temple, fedhas_altar_1, uniq_iyjb,
          uniq_sigmund, uniq_natasha
